 Dungeon Crawl Stone Soup version 0.31-a0-986-g5e6e4ef867 (webtiles) character file.

Game seed: 5353007597281031432

196 tsouns the Shooter (level 5, 0/32 HPs)
             Began as a Tengu Hunter on Nov 3, 2023.
             Was an Initiate of Dithmenos.
             Slain by an iguana (12 damage)
             ... on level 6 of the Dungeon.
             The game lasted 00:05:33 (2704 turns).

tsouns the Shooter (Tengu Hunter)                   Turns: 2704, Time: 00:05:34

Health: 0/32       AC:  3    Str: 24    XL:     5   Next: 75%
Magic:  6/6        EV: 12    Int: 11    God:    Dithmenos [......]
Gold:   239        SH:  0    Dex: 17    Spells: 4/4 levels left

rFire   . . .        a - +1 shortbow
rCold   . . .        (shield currently unavailable)
rNeg    . . .        c - +0 leather armour
rPois   .            (helmet restricted)
rElec   .            (no cloak)
rCorr   .            (no gloves)
SInv    .            (boots unavailable)
Will    .....        (no amulet)
Stlth   ++           t - +6 ring of strength
HPRegen 0.25/turn    r - +6 ring of strength
MPRegen 0.10/turn

%: acrobat
@: no status effects
A: beak, talons 3, acrobatic
a: Renounce Religion


You were on level 6 of the Dungeon.
You worshipped Dithmenos.
Dithmenos was noncommittal.
You visited 2 branches of the dungeon, and saw 7 of its levels.

You collected 239 gold pieces.

Inventory:

Hand Weapons
 a - a +1 shortbow (weapon)
Armour
 c - a +0 leather armour (worn)
Jewellery
 n - a ring of willpower
 r - a +6 ring of strength (right hand)
 t - a +6 ring of strength (left hand)
Wands
 f - a wand of polymorph (12)
 o - a wand of mindburst (17)
Scrolls
 b - a scroll of butterflies
 q - a scroll of immolation {unknown}
Potions
 e - 2 potions of curing
 g - a potion of might {unknown}
 h - a potion of magic {unknown}
 j - a potion of berserk rage {unknown}
 k - 2 potions of enlightenment {unknown}
 l - a potion of ambrosia {unknown}
 s - a potion of brilliance {unknown}


   Skills:
 + Level 3.5 Fighting
 * Level 6.4 Ranged Weapons
 - Level 2.1 Dodging
 + Level 1.8 Stealth


You had 4 spell levels left.
You didn't know any spells.
Your spell library was empty.

Dungeon Overview and Level Annotations

Branches:
Dungeon (6/15)             Temple (1/1) D:4

Altars:
Cheibriados
Dithmenos
Elyvilon
Fedhas
Gozag
Hepliaklqana
Kikubaaqudgha
Makhleb
Nemelex Xobeh
Okawaru
Qazlal
Ru
Sif Muna
Trog
Uskayaw
Vehumet
Wu Jian
Xom
Zin
The Shining One

Shops:
D:5 (


Innate Abilities, Weirdness & Mutations

You have a beak for a mouth.
You have claws for feet.
You can magically evade attacks while moving or waiting.


Message History

The howler monkey completely misses you.
The hound attacks as it pursues you! The hound barely misses you.
The bullfrog attacks as it pursues you! The bullfrog closely misses you.
The hound closely misses you.
The howler monkey hoots and howls with incredible vigour!
The bullfrog completely misses you.
You hear an angry hiss.
You hear a bark!
You hear an angry hiss.
You hear a croak.
You hear a shout! x2
The hound attacks as it pursues you! The hound completely misses you.
As you read the scroll labelled QEM ADOHYSS, it crumbles to dust.
You feel aware of your surroundings.
You sensed 2 altars.
It was a scroll of revelation.
An orc wizard comes into view. It is wielding a +0 dagger.
The hound bites you but does no damage. The hound bites you.
Blink to where?
Press: ? - help, Dir - move target, p - hound An iguana comes into view.
Found a scroll labelled XOXEMM ATYIDIX.
As you read the scroll labelled DONUT NUNIKK, it crumbles to dust.
It was a scroll of blinking.
The iguana hisses angrily.
A hound comes into view.
An orc priest comes into view. It is wielding a +0 whip.
An orc comes into view. It is wielding a +0 hand axe.
An orc wizard comes into view. It is wielding a +0 dagger.
The orc priest looks encouraged for a moment.
The hound bites you.
Unknown command.
As you read the scroll of fog, it dissolves into smoke.
The hound barely misses you.
The orc priest invokes the aid of Beogh against you.
Beogh smites you!
* * * LOW HITPOINT WARNING * * *
Unknown command.
The iguana attacks as it pursues you! The iguana completely misses you.
The hound completely misses you.
You see here a scroll labelled XOXEMM ATYIDIX.
Okay, then.
You feel better. The hound misses you. The iguana bites you!
You die...

..#..#....##..........,*,,*,,,,,,
.......#.####.........,,,,,,,,,,,
.#....#...#.#.......##.,,,,,,,,,,
.....###...........o...,,,,,,**,,
...................o...,,,,,,**,,
.......................,,<**,,,,,
...o......$...§§§§.....,,,,,,,,*,
..........h..§h§h##,,,,,,,,,*,,**
..#......F..##§l@##*,,,,,,,,****
..##.<....#.#######**,,,,,,,,*
.o##....#.#..###### **,,,,,,,*
..o##...#....###### *,,,,,,,****
#.h#§....#...###### ****,,,,<,,,
#...F#.......###### *,,,,,,,,
.....##.......##### **,,,,,*,*
#...####.....,* *,,,,*****
########.....** **,,,,*


You could see an iguana and 2 hounds.

Vanquished Creatures
  A hound (D:5)
  Jessica (D:2)
  3 gnolls (D:4)
  2 adders (D:2)
  A shadow imp (D:5)
  2 ufetubi (D:5)
  A worm (D:5)
  5 dart slugs
  7 endoplasms
  2 giant cockroaches
  7 goblins
  4 hobgoblins
  A jackal (D:1)
  6 quokkas
  7 ball pythons
  2 bats
  3 kobolds (D:1)
  7 rats
62 creatures vanquished.

Notes
Turn   | Place    | Note
-------+----------+-------------------------------------------
     0 | D:1      | tsouns the Tengu Hunter began the quest for the Orb.
     0 | D:1      | Reached XP level 1. HP: 12/12 MP: 2/2
    86 | D:1      | Reached XP level 2. HP: 6/17 MP: 3/3
   322 | D:1      | Reached skill level 5 in Ranged Weapons
   377 | D:1      | Found an ancient bone altar of Kikubaaqudgha.
   418 | D:2      | Reached XP level 3. HP: 22/22 MP: 4/4
   529 | D:2      | Noticed Jessica
   684 | D:2      | Killed Jessica
   685 | D:2      | Reached XP level 4. HP: 28/28 MP: 5/5
  1694 | D:4      | Reached skill level 6 in Ranged Weapons
  1852 | D:4      | Found a staircase to the Ecumenical Temple.
  1928 | Temple   | Entered the Ecumenical Temple
  1959 | Temple   | Became a worshipper of Dithmenos the Shadowed
  2335 | D:4      | Reached XP level 5. HP: 32/32 MP: 6/6
  2427 | D:5      | Entered Level 5 of the Dungeon
  2520 | D:5      | Found Xuizeott's Weapon Shoppe.
  2704 | D:6      | Slain by an iguana

Illustrated notes

Levels and vault maps discovered:
D:1:      dpeg_arrival_pits, layout_rooms, minmay_hexomino_r4
D:2:      layout_rooms, uniq_jessica
D:3:      layout_loops_corners, wad_floor_pattern_2
D:4:      layout_gridville, minmay_temple_entry_fiery, serial_forest,
          infiniplex_forest_lined_room_, infiniplex_forest_clump_double,
          infiniplex_forest_lined_room_, infiniplex_forest_corner_1,
          infiniplex_forest_lined_2, infiniplex_forest_straight_2, st_stairs_8
D:5:      layout_basic, serial_shops, nicolae_shop_bloodbath_and_beyond,
          uniq_edmund
D:6:      layout_cave_pools, mainiacjoe_overflow_divided_tiny,
          minmay_misc_feat_diagonals
Temple:   mainiacjoe_temple_big_plus

Skill      XL: |  1  2  3  4 |
---------------+-------------+-----
Ranged Weapons | 5 6 |  6.4
Fighting       | 3 |  3.5
Dodging        | |  2.1
Stealth        | |  1.8

Action                     |  1- 3 |  4- 6 || total
---------------------------+-------+-------++-------
   Fire: Shortbow          |    77 |   125 ||   202
    Use: Scroll            |     5 |     4 ||     9
         Potion            |       |     2 ||     2
 Armour: Leather armour    |    17 |    45 ||    62
  Dodge: Dodged            |    13 |    71 ||    84

Table legend: (Time is in decaauts)
 A = Elapsed time spent in this place.
 B = Non-inter-level travel time spent in this place.
 C = Inter-level travel time spent in this place.
 D = Time resting spent in this place.
 E = Time spent auto-exploring this place.
 F = Levels seen in this place.
 G = Mean time per level.
                   A        B        C        D        E       F      G
               +--------+--------+--------+--------+--------+-----+--------+
         Total |   2739 |   2545 |    194 |      0 |   2096 |   7 |  391.3 |
       Dungeon |   2677 |   2542 |    135 |      0 |   2096 |   6 |  446.2 |
        Temple |     61 |      2 |     59 |      0 |      0 |   1 |   61.0 |
               +--------+--------+--------+--------+--------+-----+--------+

Top non-repeatable levels by time:
     D:3: 788 daAuts
     D:4: 687 daAuts
     D:2: 498 daAuts
     D:1: 424 daAuts
     D:5: 257 daAuts
  Temple: 61 daAuts
     D:6: 22 daAuts
